 Dungeon Crawl Stone Soup version 0.23.0 (webtiles) character file.

Game seed: 6154543251998062353

298 tidbits the Charmwright (level 6, -3/50 HPs)
             Began as a Gnoll Skald on Feb 14, 2019.
             Slain by an ogre
             ... wielding a +0 giant club
              (26 damage)
             ... on level 5 of the Dungeon.
             The game lasted 00:07:06 (719 turns).

tidbits the Charmwright (Gnoll Skald)                Turns: 719, Time: 00:07:07

Health: -3/50      AC:  3    Str: 13    XL:     6   Next: 35%
Magic:  5/14       EV: 14    Int: 17    God:
Gold:   65         SH:  0    Dex: 15    Spells: 4/15 levels left

rFire    . . .     SeeInvis .   a - +0 spear
rCold    . . .     Gourm    .   (no shield)
rNeg     . . .     Faith    .   b - +0 leather armour
rPois    .         Spirit   .   (no helmet)
rElec    .         Reflect  .   (no cloak)
rCorr    .         Harm     .   (no gloves)
MR       .....                  (no boots)
Stlth    ++........             (no amulet)
HPRegen  0.16/turn              (no ring)
MPRegen  0.14/turn              (no ring)

@: very slightly contaminated
A: distributed training, fangs 1, strong nose
a: no special abilities


You were on level 5 of the Dungeon.
You were not hungry.

You visited 1 branch of the dungeon, and saw 5 of its levels.

You collected 65 gold pieces.

Inventory:

Hand Weapons
 a - a +0 spear (weapon)
 c - a +2 mace of distortion
   (You took it off an orc on level 5 of the Dungeon)
 i - a +0 dagger
 j - a +0 hunting sling
 r - a +0 flail of crushing
   (You found it on level 5 of the Dungeon)
Missiles
 e - a throwing net {!f}
 k - 8 stones (quivered)
Armour
 b - a +0 leather armour (worn)
 s - a +0 ring mail
Scrolls
 f - 3 scrolls of identify {unknown}
 g - a scroll of remove curse {unknown}
 h - a scroll of blinking {unknown}
 m - a scroll of enchant armour {unknown}
 o - a scroll of enchant weapon {unknown}
 p - a scroll of immolation {unknown}
 q - a scroll of teleportation {unknown}
Potions
 l - a potion of curing
 n - a potion of degeneration {unknown}
Comestibles
 d - 5 rations


   Skills:
 + Level 4.9 Fighting
 + Level 1.9 Short Blades
 + Level 1.9 Long Blades
 + Level 1.9 Axes
 + Level 1.9 Maces & Flails
 + Level 4.9 Polearms
 + Level 1.9 Staves
 + Level 1.9 Slings
 + Level 1.9 Bows
 + Level 1.9 Crossbows
 + Level 1.9 Throwing
 + Level 3.2 Armour
 + Level 4.9 Dodging
 + Level 1.9 Stealth
 + Level 1.9 Shields
 + Level 1.9 Unarmed Combat
 + Level 5.3 Spellcasting
 + Level 1.5 Conjurations
 + Level 1.5 Hexes
 + Level 5.6 Charms
 + Level 1.5 Summonings
 + Level 1.5 Necromancy
 + Level 1.5 Translocations
 + Level 1.5 Transmutations
 + Level 1.5 Fire Magic
 + Level 1.5 Ice Magic
 + Level 1.5 Air Magic
 + Level 1.5 Earth Magic
 + Level 1.5 Poison Magic
 + Level 2.1 Invocations
 + Level 1.9 Evocations


You had 4 spell levels left.
You knew the following spells:

 Your Spells              Type           Power        Failure   Level  Hunger
g - Shroud of Golubria    Chrm/Tloc      ###.......   6%          2    #......
i - Infusion              Chrm           ###.         1%          1    None
r - Regeneration          Chrm/Necr      ###.......   12%         3    ##.....
w - Spectral Weapon       Hex/Chrm       ###.....     12%         3    ##.....
y - Song of Slaying       Chrm           ###.....     2%          2    #......

Your spell library contained the following spells:

 Spells                   Type           Power        Failure   Level  Hunger


Dungeon Overview and Level Annotations

Branches:
Dungeon (5/15)
 Temple: D:4-7

Altars:
Sif Muna
Trog
Yredelemnul

Annotations:
D:4 3 runed translucent doors


Innate Abilities, Weirdness & Mutations

Your experience applies equally to all skills.
You have very sharp teeth.
Your uncanny sense of smell can sniff out nearby items.


Message History

* * * LOW HITPOINT WARNING * * *
The orc wizard completely misses you.
You hit the orc wizard.
The orc wizard is severely wounded.
The orc wizard misses you.
The orc wizard casts a spell.
The orc wizard blinks!
Unknown command.
It was a potion of haste.
You feel yourself speed up. The orc hits you with a +0 whip.
* * * LOW HITPOINT WARNING * * *
Casting: Song of Slaying (safe; 2% risk of failure)
Confirm with . or Enter, or press ? or * to list all spells.
You draw out your weapon's spirit!
The orc hits you but does no damage.
The orc wizard hits you with a +0 dagger.
* * * LOW HITPOINT WARNING * * *
Unknown command.
You puncture the orc wizard!
You kill the orc wizard!
Your song is almost over.
The orc closely misses you.
You closely miss the orc.
Your spectral weapon closely misses the orc.
The orc hits you with a +0 whip.
* * * LOW HITPOINT WARNING * * *
You closely miss the orc.
Your spectral weapon hits the orc from afar.
The orc closely misses you.
You hit the orc.
You kill the orc!
You closely miss the orc.
Your spectral weapon hits the orc from afar.
Your leather armour prevents you from hitting the orc.
The orc is heavily wounded.
Your spectral weapon hits the orc from afar!
You kill the orc!
Items here: )) [ † a +2 mace of distortion; a +0 ring mail; a +0 whip; an orc corpse
c - a +2 mace of distortion;
s - a +0 ring mail Your song has ended.
You swap places.
Unknown command.
You feel yourself speed up.
Things that are here:
a +0 dagger; a +0 robe Unknown command.
Casting: Spectral Weapon (safe; 12% risk of failure)
Confirm with . or Enter, or press ? or * to list all spells.
You don't have enough magic to cast that spell.
Unknown command.
Your extra speed is starting to run out.
Your spectral weapon fades away.
You feel yourself slow down.
Unknown command.
You open the door.
Found 12 gold pieces and 16 sling bullets.
There is an open door here.
Unknown command.
You see here 12 gold pieces.
You now have 65 gold pieces (gained 12).
Found a long sword.
An adder comes into view.
Casting: Spectral Weapon (safe; 12% risk of failure)
Confirm with . or Enter, or press ? or * to list all spells.
You draw out your weapon's spirit!
The adder hisses angrily.
Unknown command.
The adder completely misses you.
Unknown command.
You hit the adder. Your bite misses the adder.
The adder is heavily wounded.
Your spectral weapon completely misses the adder.
The adder closely misses you.
You closely miss the adder. You bite the adder, but do no damage.
The adder is heavily wounded.
Your spectral weapon hits the adder from afar!
You kill the adder!
No target in view!
No target in view!
An ogre comes into view. It is wielding a +0 giant club.
Unknown command.
Quiver which item? (- for none, * to show all) (? for menu, Esc to quit)
Quivering
k - 9 stones for throwing.
Throwing (i - inventory. (/) - cycle)
k - 9 stones (quivered)
Press: ? - help, Shift-Dir - straight line, f - ogre
Aim: an ogre, wielding a +0 giant club (resting)
You throw a stone.
The stone hits the ogre but does no damage.
The ogre shouts!
Casting: Spectral Weapon (safe; 12% risk of failure)
Confirm with . or Enter, or press ? or * to list all spells.
You miscast Shroud of Golubria.
You are very lightly contaminated with residual magic.
The air around you crackles with energy!
You hit the ogre. You bite the ogre.
The ogre is lightly wounded.
Your spectral weapon hits the ogre!
The ogre hits you with a +0 giant club!!
Ouch! That really hurt!
You die...

##...###.###....#
..... #........#
..... ########.#
.. #.# #.# #.#
#.# #######(#
...(..O@#
#########


You could see an ogre and a friendly spectral +0 spear.

Vanquished Creatures
  A black bear (D:5)
  A scorpion (D:4)
  An orc wizard (D:5)
  2 worker ants (D:5)
  4 adders
  A shadow imp (D:5)
  An ooze (D:2)
  An adder skeleton (D:5)
  A worm (D:3)
  A dart slug (D:1)
  A leopard gecko (D:2)
  7 orcs
  3 bats
  A giant cockroach (D:1)
  A hobgoblin (D:2)
  A quokka (D:2)
  A frilled lizard (D:2)
  3 goblins
  A kobold (D:2)
  3 rats
36 creatures vanquished.

Vanquished Creatures (others)
  A spectral weapon (D:5)
1 creature vanquished.

Grand Total: 37 creatures vanquished

Notes
Turn   | Place    | Note
-------+----------+-------------------------------------------
     0 | D:1      | tidbits the Gnoll Skald began the quest for the Orb.
     0 | D:1      | Reached XP level 1. HP: 20/20 MP: 6/6
   158 | D:1      | Reached XP level 2. HP: 26/26 MP: 4/7
   162 | D:1      | Learned a level 2 spell: Song of Slaying
   165 | D:1      | Learned a level 2 spell: Shroud of Golubria
   234 | D:2      | Reached XP level 3. HP: 17/31 MP: 1/9
   239 | D:2      | Learned a level 3 spell: Regeneration
   243 | D:2      | Learned a level 3 spell: Spectral Weapon
   259 | D:2      | Found a bloodstained altar of Trog.
   287 | D:2      | Found a deep blue altar of Sif Muna.
   287 | D:2      | Found a basalt altar of Yredelemnul.
   326 | D:2      | Reached skill level 5 in Spellcasting
   365 | D:2      | Reached skill level 1 in Invocations
   447 | D:4      | Noticed a scorpion
   463 | D:4      | Killed a scorpion
   463 | D:4      | Reached skill level 1 in Short Blades
   463 | D:4      | Reached skill level 1 in Long Blades
   463 | D:4      | Reached skill level 1 in Axes
   463 | D:4      | Reached skill level 1 in Maces & Flails
   463 | D:4      | Reached skill level 1 in Staves
   463 | D:4      | Reached skill level 1 in Slings
   463 | D:4      | Reached skill level 1 in Bows
   463 | D:4      | Reached skill level 1 in Crossbows
   463 | D:4      | Reached skill level 1 in Throwing
   463 | D:4      | Reached skill level 1 in Stealth
   463 | D:4      | Reached skill level 1 in Shields
   463 | D:4      | Reached skill level 1 in Unarmed Combat
   463 | D:4      | Reached skill level 1 in Evocations
   463 | D:4      | Reached XP level 4. HP: 30/38 MP: 6/11
   489 | D:4      | Reached skill level 1 in Conjurations
   489 | D:4      | Reached skill level 1 in Hexes
   489 | D:4      | Reached skill level 1 in Summonings
   489 | D:4      | Reached skill level 1 in Necromancy
   489 | D:4      | Reached skill level 1 in Translocations
   489 | D:4      | Reached skill level 1 in Transmutations
   489 | D:4      | Reached skill level 1 in Fire Magic
   489 | D:4      | Reached skill level 1 in Ice Magic
   489 | D:4      | Reached skill level 1 in Air Magic
   489 | D:4      | Reached skill level 1 in Earth Magic
   489 | D:4      | Reached skill level 1 in Poison Magic
   498 | D:4      | Found a runed translucent gate.
   498 | D:4      | Found a runed translucent gate.
   498 | D:4      | Found a runed translucent gate.
   503 | D:5      | Entered Level 5 of the Dungeon
   514 | D:5      | Reached XP level 5. HP: 23/43 MP: 3/12
   553 | D:5      | Noticed a black bear
   564 | D:5      | Killed a black bear
   564 | D:5      | Reached skill level 3 in Armour
   565 | D:5      | Reached XP level 6. HP: 21/50 MP: 1/13
   597 | D:5      | Noticed a sky beast
   613 | D:5      | Reached skill level 2 in Invocations
   719 | D:5      | Slain by an ogre

Skill      XL: |  1  2  3  4  5  6 |
---------------+-------------------+-----
Spellcasting   | 5 |  5.3
Invocations    | 1 2 |  2.1
Short Blades   | 1 |  1.9
Long Blades    | 1 |  1.9
Axes           | 1 |  1.9
Maces & Flails | 1 |  1.9
Staves         | 1 |  1.9
Slings         | 1 |  1.9
Bows           | 1 |  1.9
Crossbows      | 1 |  1.9
Throwing       | 1 |  1.9
Stealth        | 1 |  1.9
Shields        | 1 |  1.9
Unarmed Combat | 1 |  1.9
Evocations     | 1 |  1.9
Conjurations   | 1 |  1.5
Hexes          | 1 |  1.5
Summonings     | 1 |  1.5
Necromancy     | 1 |  1.5
Translocations | 1 |  1.5
Transmutations | 1 |  1.5
Fire Magic     | 1 |  1.5
Ice Magic      | 1 |  1.5
Air Magic      | 1 |  1.5
Earth Magic    | 1 |  1.5
Poison Magic   | 1 |  1.5
Armour         | 3 |  3.2
Fighting       | |  4.9
Polearms       | |  4.9
Dodging        | |  4.9
Charms         | |  5.6

Action                   |  1- 3 |  4- 6 || total
-------------------------+-------+-------++-------
Melee: Spear             |    70 |    50 ||   120
       Bite              |     8 |     3 ||    11
Throw: Stone             |       |     1 ||     1
 Cast: Infusion          |     6 |       ||     6
       Spectral Weapon   |     5 |     7 ||    12
       Regeneration      |     1 |     1 ||     2
       Shroud of Golubri |     1 |       ||     1
       Song of Slaying   |       |     2 ||     2
  Use: Potion            |       |     2 ||     2
 Stab: Sleeping          |     1 |       ||     1
  Eat: Ration            |     1 |       ||     1
Armor: Leather armour    |    10 |     6 ||    16
Dodge: Dodged            |    37 |    21 ||    58

Table legend:
 A = Turns spent in this place as a percentage of turns spent in the entire game.
 B = Non-inter-level travel turns spent in this place as a percentage of non-inter-level travel turns spent in the entire game.
 C = Inter-level travel turns spent in this place as a percentage of turns spent in this place.
 D = Turns resting spent in this place as a percentage of non-inter-level travel turns spent in this place.
 E = Turns spent auto-exploring this place as a percentage of non-inter-level travel turns spent in this place.
 F = Non-inter-level travel turns spent in this place divided by the number of levels of this place that you've seen.
                   A       B       C       D       E      F
               +-------+-------+-------+-------+-------+----------------------
         Total | 100.0 | 100.0 |   2.2 |   0.0 |   0.0 | 140.6
       Dungeon | 100.0 | 100.0 |   2.2 |   0.0 |   0.0 | 140.6
               +-------+-------+-------+-------+-------+----------------------

Table legend:
 A = Kills in this place as a percentage of kills in entire the game.
 B = Kills by you in this place as a percentage of kills by you in the entire game.
 C = Kills by friends in this place as a percentage of kills by friends in the entire game.
 D = Other kills in this place as a percentage of other kills in the entire game.
 E = Experience gained in this place as a percentage of experience gained in the entire game.
 F = Experience gained in this place divided by the number of levels of this place that you have seen.
                   A       B       C       D       E      F
               +-------+-------+-------+-------+-------+----------------------
         Total | 100.0 | 100.0 |   N/A |   N/A | 100.0 |  85.2
       Dungeon | 100.0 | 100.0 |   N/A |   N/A | 100.0 |  85.2
               +-------+-------+-------+-------+-------+----------------------

Levels and vault maps discovered:
D:1:      lemuel_arrival_behind_the_door_small, layout_loops_ring
D:2:      layout_loops_cross, nicolae_overflow_hidden_temple,
          gammafunk_temple_overflow_wave, first_ration, minmay_door_square,
          hangedman_decor_diamond_cutter, minmay_misc_feat_rugged, uniq_jessica
D:3:      layout_basic, grunt_dithmenos_smoke
D:4:      layout_basic, gammafunk_ghost_icy, nicolae_ossuary_entry_monument
D:5:      layout_loops_corners, basic_altar
